test
12 | 0:00 | | |
13 | 0:12 | | before first scout finishes |
14 | 0:19 | | with LPS |
14 | 0:23 | | |
15 | 0:30 | | departure of drone to place GW |
16 | 0:39 | | |
17 | 0:47 | | assimilator with LPS |
19 | 1:09 | | send 1 worker to assimilator |
19 | 1:13 | | send 1 worker to assimilator |
20 | 1:15 | | Send LPS to natural |
20 | 1:24 | | |
20 | 1:27 | | cut worker production |
20 | 1:34 | | With Natural scout |
20 | 1:35 | | restart drone production |
21 | 1:44 | | |
22 | 1:52 | | |
23 | 2:04 | | send 1 worker to gas |
23 | 2:07 | | send 1 worker to gas |
23 | 2:10 | | |
23 | 2:11 | | |
27 | 2:21 | | with LPS |
28 | 2:31 | | |
28 | 2:33 | | |
30 | 2:37 | | start double scout prod chrono on natural |
32 | 2:41 | | |
34 | 2:52 | | |
40 | 3:05 | | |
42 | 3:18 | | |
48 | 3:32 | | |
49 | 3:41 | | |
50 | 3:46 | | |
52 | 3:57 | | |
55 | 4:00 | |
test